 Dungeon Crawl Stone Soup version 0.24.0-13-gcf9b319 (webtiles) character file.

Game seed: 18258506339195389427, levelgen mode: deterministic

51 Bronimir the Chiller (level 3, 0/26 HPs)
             Began as a Draconian Ice Elementalist on Mar 19, 2020.
             Slain by a leopard gecko (3 damage)
             ... on level 2 of the Dungeon.
             The game lasted 00:03:22 (1432 turns).

Bronimir the Chiller (Draconian Ice Elementalist)   Turns: 1432, Time: 00:03:23

Health: 0/26       AC:  5    Str:  8 (11) XL:     3   Next: 57%
Magic:  0/6        EV: 17    Int: 12 (15) God:
Gold:   20         SH:  0    Dex: 15 (16) Spells: 3/6 levels left

rFire    x . .     SeeInvis .   b - +0 hunting sling
rCold    + . .     Gourm    .   (no shield)
rNeg     . . .     Faith    .   (armour unavailable)
rPois    .         Spirit   .   (helmet restricted)
rElec    .         Reflect  .   (no cloak)
rCorr    .         Harm     .   (no gloves)
MR       .....                  (no boots)
Stlth    ++++......             n - amulet of the acrobat
HPRegen  0.08/turn              e - ring of stealth
MPRegen  0.10/turn              l - ring of ice

@: agile, lethally poisoned (0 -> -10)
A: unfitting armour, cold-blooded, AC +5
a: no special abilities


You were on level 2 of the Dungeon.
You were not hungry.

You visited 1 branch of the dungeon, and saw 2 of its levels.

You collected 20 gold pieces.

Inventory:

Hand Weapons
 b - a +0 hunting sling (weapon)
Missiles
 d - a sling bullet (quivered)
 f - 66 stones
Jewellery
 e - a ring of stealth (left hand)
 l - a ring of ice (right hand)
 n - an amulet of the acrobat (around neck)
Scrolls
 a - 3 scrolls of identify {unknown}
 h - 2 scrolls of remove curse {unknown}
 i - 2 scrolls of teleportation {unknown}
Comestibles
 c - a ration
 j - 4 chunks of flesh


   Skills:
 + Level 1.7 Slings
 + Level 1.9 Dodging
 - Level 1.7 Stealth
 + Level 0.1 Unarmed Combat
 + Level 2.2 Spellcasting
 + Level 1.0 Conjurations
 * Level 3.6 Ice Magic


You had 3 spell levels left.
You knew the following spells:

 Your Spells              Type           Power        Failure   Level  Hunger
a - Freeze                Ice            ###.         6%          1    ##.....
b - Throw Frost           Conj/Ice       ##....       16%         2    ###....

Your spell library contained the following spells:

 Spells                   Type           Power        Failure   Level  Hunger
 Ozocubu's Armour         Chrm/Ice       #.......     36%         3    ####...
 Throw Icicle             Conj/Ice       ##......     71%         4    #####..
 Summon Ice Beast         Ice/Summ       #.......     77%         4    #####..


Dungeon Overview and Level Annotations

Branches:
Dungeon (2/15)

Altars:
Dithmenos
Xom


Innate Abilities, Weirdness & Mutations

Your plain brown scales are hard. (AC +5)
You cannot fit into any form of body armour.
You are cold-blooded and may be slowed by cold attacks.


Message History

The kobold is severely wounded.
* * * LOW HITPOINT WARNING * * *
You feel sick. The kobold closely misses you.
The leopard gecko closely misses you.
The goblin shoots a stone.
The stone closely misses you.
It was a potion of cancellation.
You feel magically purged.
* * * LOW HITPOINT WARNING * * *
You feel sick. The leopard gecko closely misses you.
The kobold barely misses you.
It was a potion of degeneration.
There was something very wrong with that liquid.
You feel weakened.
You feel dopey.
You feel clumsy.
* * * LOW HITPOINT WARNING * * *
You feel sick.
The goblin shoots a stone.
The stone hits you.
* * * LOW HITPOINT WARNING * * *
The leopard gecko misses you. The kobold misses you.
It was a potion of agility.
You feel agile all of a sudden. The leopard gecko bites you.
You die...

.##.<.รท....# .#
#..###
.##.####...###+###..#
.##.# #.....+_###..#
....# #...###+###..#
##### #...# #. #..#
#...###.###..#
#........(...#
#######......#
#..@...# ##l)K..#
#.(##.# ##g##.#
#..#.# #.# #. ..( .
#(#


You could see a leopard gecko, a goblin and a kobold.

Vanquished Creatures
  2 adders (D:2)
  A worm (D:2)
  A dart slug (D:1)
  A leopard gecko (D:1)
  6 bats
  A giant cockroach (D:1)
  A goblin (D:1)
  4 hobgoblins
  A frilled lizard (D:2)
  4 kobolds
  5 rats (D:1)
27 creatures vanquished.

Notes
Turn   | Place    | Note
-------+----------+-------------------------------------------
     0 | D:1      | Bronimir the Draconian Ice Elementalist began the quest for
                  | the Orb.
     0 | D:1      | Reached XP level 1. HP: 14/14 MP: 3/3
   259 | D:1      | Reached XP level 2. HP: 7/20 MP: 1/5
   568 | D:1      | Learned a level 2 spell: Throw Frost
  1319 | D:2      | Found a shimmering altar of Xom.
  1341 | D:2      | Reached skill level 1 in Slings
  1341 | D:2      | Reached XP level 3. HP: 20/26 MP: 4/6
  1398 | D:2      | Found a shadowy altar of Dithmenos.
  1432 | D:2      | Slain by a leopard gecko

Levels and vault maps discovered:
D:1:      kennysheep_arrival_forest, layout_basic
D:2:      layout_basic, nicolae_overflow_hidden_temple, lemuel_doored_altar,
          first_ration, st_stairs_11

Skill      XL: |  1  2 |
---------------+-------+-----
Slings         | 1 |  1.7
Dodging        | |  1.9
Stealth        | |  1.7
Unarmed Combat | |  0.1
Spellcasting   | |  2.2
Conjurations   | |  1.0
Ice Magic      | |  3.6

Action                   || total
-------------------------++-------
Melee: Unarmed           ||    23
       Tailslap          ||     2
 Fire: Hunting sling     ||    51
 Cast: Freeze            ||    16
       Throw Frost       ||     1
  Use: Potion            ||     3
 Stab: Sleeping          ||     1
  Eat: Chunk             ||     2
Armor: Skin              ||    27
Dodge: Dodged            ||    59
